Match 46700257
Unlisted

Match 46700257
End
Kettenkrad Recon Vehicle
Construct Infanterie Kompanie
Selects Breakthrough Battlegroup
Selects Assault Grenadiers
MG 42 Machine Gun Team
Grenadier Squad
GrW 34 Mortar Team
Construct Panzergrenadier Kompanie
Selects Breakthrough
Support Elements
Pak 40 Anti-tank Gun Team
MG 42 Bunker
StuG III G Assault Gun
Selects Mechanized Assault Group
Mechanized Assault Group
Panzergrenadier Officer Quarters
Side Skirts
Mechanized Assault Group
Pioneer Squad
Construct Panzer Kompanie
Nebelwerfer 42 Rocket Launcher Team
Stoßtruppen Squad
Selects Rapid Production
Selects Blitzkrieg
StuG III G Assault Gun
Nebelwerfer 42 Rocket Launcher Team
StuG III G Assault Gun
MG 42 Machine Gun Team
民豪
冥雨
mRR
HiddenJoker
6block
Nikname2303
Позорньій Мьіш
Good day
0
0

Comments sign in to comment!

No comments posted yet!